 Dungeon Crawl Stone Soup version 0.32-a0-918-g0f22ef8d61 (webtiles) character file.

Game seed: 6878751255870303126

49 ezpacito the Chopper (level 3, -1/43 HPs)
             Began as a Coglin Chaos Knight on Apr 11, 2024.
             Was a Plaything of Xom.
             Succumbed to an orc wizard's poison
             ... on level 2 of the Dungeon.
             The game lasted 00:00:57 (1141 turns).

ezpacito the Chopper (Coglin Chaos Knight)          Turns: 1141, Time: 00:00:57

Health: -1/43      AC: 21    Str: 14    XL:     3   Next: 75%
Magic:  3/3        EV:  2    Int: 11    God:    Xom [...*..]
Gold:   88         SH:  0    Dex: 13    Spells: 2/2 levels left

rFire   . . .        a - +1 hand axe (chaos) {Djefatnebti}
rCold   . . .        f - +0 war axe {Narong}
rNeg    . . .        b - melded +2 leather armour
rPois   +            (helmet currently unavailable)
rElec   .            (cloak currently unavailable)
rCorr   .            (gloves currently unavailable)
SInv    .            (boots currently unavailable)
Will    .....        (amulet unavailable)
Stlth   +            (ring unavailable)
HPRegen 0.27/turn    (ring unavailable)
MPRegen 0.08/turn    (no gizmo)

%: no passive effects
@: lethally poisoned (-1 -> -11), tree-form
A: stationary, stasis, torment immunity, boosted hp, off-hand wielding, slow
wielding, warmup strikes, no jewellery
a: Invent Gizmo, Renounce Religion


You were on level 2 of the Dungeon.
You worshipped Xom.
You were a favourite toy of Xom.
You were a tree.
You visited 1 branch of the dungeon, and saw 2 of its levels.

You collected 88 gold pieces.

Inventory:

Hand Weapons
 a - a +1 hand axe of chaos (weapon) {Djefatnebti}
 f - a +0 war axe (offhand) {Narong}
Missiles
 i - 2 poisoned darts (quivered)
Armour
 b - a +2 leather armour (melded)
Talismans
 d - a beast talisman
Scrolls
 B - a scroll of blinking


   Skills:
 * Level 3.2 Fighting
 * Level 3.4(3.5) Axes
 * Level 0.8(2.1) Polearms
 * Level 2.2 Armour
 * Level 1.3 Dodging
 + Level 0.4 Stealth
 + Level 0.3 Spellcasting


You had 2 spell levels left.
You didn't know any spells.
Your spell library was empty.

Dungeon Overview and Level Annotations

Branches:
Dungeon (2/15)

Altars:
Trog


Innate Abilities, Weirdness & Mutations

You are a tree.
Your roots penetrate the ground, keeping you stationary.
You cannot be teleported.
You are immune to unholy pain and torment.
Your maximum health is greatly increased.
Your equipment is partially melded.
You can wield a second weapon in your off-hand.
It takes a long time for you to wield or remove held weapons.
Your first few attacks do less damage.
You cannot equip rings or amulets.


Message History

The gnoll hits your butterfly with a +0 club!
Your butterfly dies!
Your butterfly disappears in a burst of colours!
The gnoll closely misses your butterfly.
The gnoll barely misses your butterfly.
The gnoll completely misses your butterfly.
The gnoll barely misses your butterfly. The gnoll misses your butterfly.
Something hits you but does no damage.
The gnoll hits your butterfly with a +0 club.
Your butterfly dies!
Your butterfly disappears in a burst of colours!
The gnoll closely misses your butterfly.
The gnoll misses your butterfly. Something hits you but does no damage.
You are lethally poisoned!
The gnoll closely misses your butterfly.
The gnoll barely misses your butterfly. x2
* * * LOW HITPOINT WARNING * * *
You feel sick. Something hits you but does no damage.
The gnoll hits your butterfly with a +0 club!
Your butterfly dies!
Your butterfly disappears in a burst of colours!
The gnoll barely misses your butterfly.
The gnoll completely misses your butterfly.
You take 2 damage, and have 5/43 hp.
* * * LOW HITPOINT WARNING * * *
You feel sick.
Your butterfly disappears in a burst of colours!
Something hits you but does no damage.
You are more poisoned.
The gnoll hits your butterfly with a +0 flail!
Your butterfly dies!
Your butterfly disappears in a burst of colours!
* * * LOW HITPOINT WARNING * * *
You feel very sick.
Your butterfly disappears in a burst of colours! x2
Something hits you but does no damage. The gnoll misses your butterfly. x2
The gnoll barely misses you.
You die...
Xom giggles madly!

#...# #...#
#...##########
#..##b......#
##..##?bb.b..##
#####....b.b.bb.b''
........##bb?gbbb##
#..b')♣bggbbb.
##.##b.bb.bb#. #
#.##.bbb.b.# ##.
#.##b.bbbb.# #...
#.##.b.b...# .#...
#.##.......# .....
#.#####...... #....
#.#### #####..
.....
##....#######.#
#...


You could see 3 gnolls.

Vanquished Creatures
  2 adders (D:2)
  A dart slug (D:1)
  2 orcs (D:2)
  5 ball pythons
  2 endoplasms (D:1)
  2 goblins (D:2)
  A hobgoblin (D:2)
  4 kobolds
  3 quokkas (D:1)
  2 bats (D:1)
  A frilled lizard (D:2)
  A rat (D:2)
26 creatures vanquished.

Notes
Turn   | Place    | Note
-------+----------+-------------------------------------------
     0 | D:1      | ezpacito the Coglin Chaos Knight began the quest for the
                  | Orb.
     0 | D:1      | Reached XP level 1. HP: 18/18 MP: 1/1
   124 | D:1      | Reached skill level 1 in Dodging
   234 | D:1      | Reached XP level 2. HP: 24/24 MP: 2/2
   309 | D:1      | Found a faded altar of an unknown god.
   715 | D:1      | XOM: divination: detect items
   909 | D:2      | Found a bloodstained altar of Trog.
  1002 | D:2      | XOM: 4-stop teleportation journey
  1008 | D:2      | Reached XP level 3. HP: 28/29 MP: 3/3
  1121 | D:2      | XOM: confuse monster(s)
  1140 | D:2      | HP: 1/43 [poisoned by an orc wizard]
  1141 | D:2      | Succumbed to an orc wizard's poison

Illustrated notes

Levels and vault maps discovered:
D:1:      saegor_arrival_simple_d, layout_loops_ring,
          hellmonk_ecumenical_altar_run_dry
D:2:      layout_basic, basic_altar, uniq_terence

Skill      XL: |  1  2 |
---------------+-------+-----
Dodging        | 1 |  1.3
Armour         | 2 |  2.2
Fighting       | |  3.2
Axes           | |  3.4
Polearms       | |  0.8
Stealth        | |  0.4
Spellcasting   | |  0.3

Action                     || total
---------------------------++-------
  Melee: Hand axe          ||    43
         Dagger            ||     7
         War axe           ||    38
    Use: Scroll            ||     5
         Potion            ||     1
 Armour: Leather armour    ||    41
         Skin              ||     6
  Dodge: Dodged            ||    23

Table legend: (Time is in decaauts)
 A = Elapsed time spent in this place.
 B = Non-inter-level travel time spent in this place.
 C = Inter-level travel time spent in this place.
 D = Time resting spent in this place.
 E = Time spent auto-exploring this place.
 F = Levels seen in this place.
 G = Mean time per level.
                   A        B        C        D        E       F      G
               +--------+--------+--------+--------+--------+-----+--------+
         Total |   1151 |    971 |    180 |      0 |    798 |   2 |  575.5 |
       Dungeon |   1151 |    971 |    180 |      0 |    798 |   2 |  575.5 |
               +--------+--------+--------+--------+--------+-----+--------+

Top non-repeatable levels by time:
     D:1: 894 daAuts
     D:2: 256 daAuts
